cohdb
Replays
Latest Replays
All Replays
Popular Replays
Top Player Replays
Match Explorer
How It Works
Community
CoH3 Stats
Reddit
Sign in to upload your games and track your stats! →
Sign in with Steam
Match 41529940
Unlisted
Match 41529940
Overview
Messages
Build Orders
End
Construct Weapon Support Center
Selects Special Operations Battlegroup
Selects M29 Weasel Recon Vehicle
M29 Weasel Recon Vehicle
M1919 Machine Gun Team
Engineer Squad
Construct Medical Station
Bazooka Squad
Infantry Support Center
Bazooka Squad
Improved M9 Bazooka Rockets
Mortar Pit
Selects Raiding Flares
M1919 Machine Gun Team
Selects SSF Commando Squad
SSF Commando Squad
SSF Commando Squad
Advanced Logistics
Selects Mark Vehicle
Raiding Flares
SSF Commando Squad
Survival Training
Selects M4A1 Sherman Whizbang
M4A1 Sherman Whizbang
Raiding Flares
Engineer Squad
Raiding Flares
Hydra7-1
BeerGrills
el campo
MaXiS
0
0
Comments
sign in to comment!
No comments posted yet!